[Event "Titled Tuesday Blitz April 11 Late 2023"]
[White "Risteski, Emil"]
[Black "Vifleemskaia, Svetlana"]
[WhiteFideId "15005267"]
[BlackFideId "4129490"]
[WhiteElo "2251"]
[BlackElo "1930"]
[Result "1/2-1/2"]
[Round "01"]
[TimeControl "180+2"]
[Date "2023.04.11"]
[WhiteClock "0:00:35"]
[BlackClock "0:00:22"]

1. c4 c5 2. Nc3 Nf6 3. g3 d5 4. cxd5 Nxd5 5. Bg2 Nc7 6. Nf3 Nc6 7. O-O e5 8. d3 Be7 9. Nd2 Bd7 10. Nc4 f6 11. f4 O-O 12. fxe5 fxe5 13. Be3 Rb8 14. Ne4 b6 15. Qd2 Nd5 16. Bg5 Nf6 17. Nxf6+ Bxf6 18. Bxf6 Rxf6 19. Rxf6 Qxf6 20. Rf1 Qe7 21. a3 Re8 22. Bd5+ Kh8 23. Rf7 Qd8 24. e4 Nd4 25. Qf2 h6 26. Nd6 Rg8 27. Rf5 Be6 28. Bxe6 Qxd6 29. Bxg8 Nxf5 30. Qxf5 Kxg8 31. Qc8+ Kh7 32. Qf5+ Kg8 33. Kg2 Qd4 34. Qc8+ Kh7 35. Qf5+ Kg8 36. Qe6+ Kh7 37. Qb3 Qe3 38. Qc2 Kg6 39. b3 Kf6 40. a4 a6 41. h4 b5 42. axb5 axb5 43. Qf2+ Qxf2+ 44. Kxf2 h5 45. Kf3 g6 46. Ke3 Ke6 47. Kd2 Kd6 48. Kc3 Kc6 49. Kc2 b4 50. Kd1 Kd6 51. Kd2 Ke6 52. Ke2 Kf6 53. Kf3 Ke6 54. g4 Kf6 55. g5+ Ke6 56. Ke3 Kd6 57. Kd2 Kc6 58. Kd1 Kb5 59. Kc1 Kc6 60. Kc2 Kb5 61. Kb2 Kc6 62. Kc1 Kb5 63. Kd2 Kc6 64. Ke3 Kb5 65. Kf3 Kc6 66. Ke2 Kb5 67. Kd2 Kc6 1/2-1/2


[Site "https://www.chess.com"]

[Event "Titled Tuesday Blitz April 11 Late 2023"]
[White "Hoffmann, Asa"]
[Black "Poliakova, Varvara"]
[WhiteFideId "2001470"]
[BlackFideId "13518313"]
[WhiteElo "2117"]
[BlackElo "2075"]
[Result "0-1"]
[Round "01"]
[TimeControl "180+2"]
[Date "2023.04.11"]
[WhiteClock "0:00:00"]
[BlackClock "0:00:00"]

1. d4 f5 2. Nc3 d5 3. f3 e6 4. e4 c6 5. Bd3 Nf6 6. Nge2 Bb4 7. e5 Ne4 8. O-O Nxc3 9. bxc3 Be7 10. Nf4 O-O 11. a4 a5 12. Ba3 Bxa3 13. Rxa3 Qe7 14. Rb3 Nd7 15. c4 Qf7 16. cxd5 cxd5 17. Re1 g5 18. Nxd5 exd5 19. e6 Qf6 20. exd7 Qxd4+ 21. Kh1 Bxd7 22. Rxb7 Bxa4 23. Bxf5 Qxd1 24. Bxh7+ Kh8 25. Rxd1 Bc6 26. Rc7 Rac8 27. Ra7 Ra8 28. Rc7 Rfc8 29. Rxc8+ Rxc8 30. Bd3 a4 31. Ra1 Rb8 32. Kg1 Kg7 33. Kf2 Kf6 34. Ke3 Ke5 35. g3 d4+ 36. Kf2 Rb2 37. h4 gxh4 38. gxh4 Kf4 39. h5 Kg5 40. Rh1 Kh6 41. Rh4 a3 42. Rxd4 a2 43. Rd6+ Kg5 44. Rxc6 a1=Q 45. h6 Qa7+ 46. Kg3 Qg1+ 0-1


[Site "https://www.chess.com"]

[Event "Titled Tuesday Blitz April 11 Late 2023"]
[White "Skaric, Djuro"]
[Black "Sai Krishna G V"]
[WhiteFideId "934569"]
[BlackFideId "5028280"]
[WhiteElo "2282"]
[BlackElo "2359"]
[Result "0-1"]
[Round "01"]
[TimeControl "180+2"]
[Date "2023.04.11"]
[WhiteClock "0:00:00"]
[BlackClock "0:00:01"]

1. g3 d5 2. Bg2 Nc6 3. d3 e5 4. Nf3 Nge7 5. O-O g6 6. Nc3 Bg7 7. e4 d4 8. Ne2 O-O 9. Ne1 f5 10. f4 h6 11. Nf3 Be6 12. fxe5 fxe4 13. dxe4 Bc4 14. Ne1 Nxe5 15. Nd3 Ng4 16. b3 Ba6 17. Nef4 Qd6 18. Qe2 Ne3 19. Bxe3 dxe3 20. Rad1 Rad8 21. Kh1 g5 22. Nh5 Bd4 23. c4 c5 24. Qg4 b6 25. Qe2 Bc8 26. Bf3 Qg6 27. Bg4 Qxe4+ 28. Bf3 Rxf3 29. Qxf3 Qxf3+ 30. Rxf3 Bb7 31. Ne1 g4 32. Nf6+ Bxf6 33. Rxd8+ Kf7 34. Kg2 gxf3+ 35. Nxf3 e2 36. Kf2 Bxf3 37. Rd7 Bd4+ 0-1


[Site "https://www.chess.com"]

[Event "Titled Tuesday Blitz April 11 Late 2023"]
[White "Seo, Jung Min"]
[Black "Ozalp, Burak"]
[WhiteFideId "1734687"]
[BlackFideId "6314210"]
[WhiteElo "2468"]
[BlackElo "2106"]
[Result "1-0"]
[Round "01"]
[TimeControl "180+2"]
[Date "2023.04.11"]
[WhiteClock "0:00:01"]
[BlackClock "0:00:00"]

1. g3 g6 2. Bg2 Bg7 3. d4 d6 4. Nf3 Nf6 5. O-O O-O 6. Re1 Ne4 7. c3 c5 8. Be3 Nd7 9. Nbd2 Ndf6 10. Nxe4 Nxe4 11. Qc2 Bf5 12. Qb3 Qb6 13. Qa3 Rac8 14. Rad1 h6 15. Nh4 cxd4 16. Bxd4 Bxd4 17. cxd4 Rc2 18. Nxf5 gxf5 19. Qe3 Qxb2 20. Qxh6 Rxe2 21. Bxe4 fxe4 22. Qg5+ Kh8 23. Qh5+ Kg7 24. Rxe2 1-0


[Site "https://www.chess.com"]

[Event "Titled Tuesday Blitz April 11 Late 2023"]
[White "Rodriguez Santiago, Jaime"]
[Black "Tarlabasi, Emirhan"]
[WhiteFideId "3100898"]
[BlackFideId "6350275"]
[WhiteElo "2025"]
[BlackElo "2200"]
[Result "0-1"]
[Round "01"]
[TimeControl "180+2"]
[Date "2023.04.11"]
[WhiteClock "0:00:13"]
[BlackClock "0:00:19"]

1. c4 c5 2. Nc3 Nf6 3. g3 g6 4. Bg2 Bg7 5. e4 O-O 6. Nge2 Nc6 7. d3 e6 8. O-O b6 9. h3 Bb7 10. Be3 d6 11. Qd2 a6 12. Bh6 Qc7 13. Bxg7 Kxg7 14. f4 Rfe8 15. g4 Rad8 16. Ng3 Nd4 17. f5 exf5 18. gxf5 Re5 19. fxg6 hxg6 20. Rae1 Rh8 21. Qf4 Nh5 22. Nxh5+ Rhxh5 23. Qf6+ Kg8 24. Nd5 Bxd5 25. exd5 Qd7 26. Rxe5 Rxe5 27. Rf2 b5 28. b3 b4 29. Kh2 a5 30. Be4 Qe7 31. Qxe7 Rxe7 32. Rf6 Rd7 33. h4 Kg7 34. Rf2 Re7 35. Kg3 f5 36. Bg2 Re2 37. Rxe2 Nxe2+ 38. Kf2 Nc3 39. Bf3 Nxa2 40. Ke3 Nc3 41. Kd2 Kf6 42. Kc2 g5 43. hxg5+ Kxg5 44. Kb2 Kf4 45. Bh1 Ke3 46. Kc2 f4 47. Bg2 f3 48. Bxf3 Kxf3 49. d4 cxd4 50. c5 Nxd5 51. cxd6 Ke2 52. d7 d3+ 53. Kb2 d2 54. d8=Q d1=Q 55. Qe8+ Ne3 56. Qb5+ Qd3 57. Qh5+ Kd2 58. Qh2+ Qe2 59. Qd6+ Ke1+ 60. Ka1 Nc2+ 61. Kb2 Nd4+ 62. Ka1 Nxb3+ 63. Kb1 Qd1+ 64. Qxd1+ Kxd1 65. Kb2 a4 66. Ka2 Nc5 67. Kb1 b3 68. Ka1 a3 69. Kb1 b2 70. Ka2 Kc2 71. Kxa3 Nd3 0-1


[Site "https://www.chess.com"]

[Event "Titled Tuesday Blitz April 11 Late 2023"]
[White "Mamedov, Edgar"]
[Black "Smith, Garrett L"]
[WhiteFideId "13739980"]
[BlackFideId "2024829"]
[WhiteElo "2330"]
[BlackElo "2047"]
[Result "1-0"]
[Round "01"]
[TimeControl "180+2"]
[Date "2023.04.11"]
[WhiteClock "0:00:01"]
[BlackClock "0:00:00"]

1. d4 Nf6 2. Nf3 g6 3. Nbd2 d5 4. b3 Bg7 5. Bb2 O-O 6. e3 c5 7. dxc5 Qc7 8. b4 Nc6 9. a3 a6 10. Be2 e5 11. O-O Bf5 12. c4 Rfd8 13. cxd5 Rxd5 14. Qb3 Rad8 15. Rfd1 e4 16. Nd4 Ng4 17. Bxg4 Bxg4 18. Re1 Nxd4 19. Bxd4 Bxd4 20. exd4 Rxd4 21. Nxe4 Kg7 22. Nd6 f6 23. Qg3 Qd7 24. h3 Be6 25. Qe3 1-0


[Site "https://www.chess.com"]

[Event "Titled Tuesday Blitz April 11 Late 2023"]
[White "Mustafayev, Farid"]
[Black "Rose, Felix"]
[WhiteFideId "13408771"]
[BlackFideId "5105722"]
[WhiteElo "2237"]
[BlackElo "2039"]
[Result "1-0"]
[Round "01"]
[TimeControl "180+2"]
[Date "2023.04.11"]
[WhiteClock "0:00:01"]
[BlackClock "0:00:00"]

1. c4 e6 2. g3 d5 3. Bg2 Nf6 4. Nf3 dxc4 5. O-O a6 6. a4 Nc6 7. Na3 Bxa3 8. Rxa3 O-O 9. Qc2 Na5 10. d3 cxd3 11. Rxd3 Qe7 12. Ne5 c5 13. Be3 c4 14. Nxc4 Nc6 15. Nb6 Nb4 16. Qc5 Qxc5 17. Bxc5 Nxd3 18. Bxf8 1-0


[Site "https://www.chess.com"]

[Event "Titled Tuesday Blitz April 11 Late 2023"]
[White "Sabuk, Piotr"]
[Black "Kohler, Aran"]
[WhiteFideId "1137565"]
[BlackFideId "1002856"]
[WhiteElo "2298"]
[BlackElo "2010"]
[Result "1-0"]
[Round "01"]
[TimeControl "180+2"]
[Date "2023.04.11"]
[WhiteClock "0:00:00"]
[BlackClock "0:00:00"]

1. e4 c6 2. Nf3 d5 3. d3 dxe4 4. dxe4 Qxd1+ 5. Kxd1 Bg4 6. Nd2 Nd7 7. c3 O-O-O 8. Kc2 e6 9. Be2 Bh5 10. Re1 Be7 11. a4 Bg6 12. Nd4 Ngf6 13. f3 c5 14. Nb5 a6 15. Na3 Kb8 16. Ndc4 Nxe4 17. fxe4 Bxe4+ 18. Bd3 Bxd3+ 19. Kxd3 Ne5+ 20. Kc2 Nxc4 21. Nxc4 Ka7 22. Be3 Rc8 23. Rad1 Rhd8 24. b4 b6 25. a5 cxb4 26. Bxb6+ Kb7 27. Bxd8 Bxd8 28. Nd6+ 1-0


[Site "https://www.chess.com"]

[Event "Titled Tuesday Blitz April 11 Late 2023"]
[White "Kopacz, Grzegorz"]
[Black "Hardaway, Brewington"]
[WhiteFideId "1109880"]
[BlackFideId "30941849"]
[WhiteElo "2037"]
[BlackElo "2159"]
[Result "0-1"]
[Round "01"]
[TimeControl "180+2"]
[Date "2023.04.11"]
[WhiteClock "0:00:00"]
[BlackClock "0:00:00"]

1. c4 Nf6 2. Nf3 g6 3. g3 Bg7 4. Bg2 O-O 5. O-O c6 6. Nc3 d5 7. cxd5 cxd5 8. d4 Nc6 9. Ne5 Bf5 10. Bf4 Rc8 11. Nxc6 bxc6 12. Be5 Qb6 13. Na4 Qb5 14. b3 Nd7 15. Bxg7 Kxg7 16. Rc1 e5 17. e3 Rfe8 18. Qd2 h5 19. h4 e4 20. Nc5 Nf6 21. Rc2 Qb8 22. Rfc1 Nh7 23. Na6 Qd6 24. Qb4 Qe6 25. Qa4 Qe7 26. Qb4 Qf6 27. Qa4 Bd7 28. Nc5 Bg4 29. Na6 g5 30. Rxc6 Rxc6 31. Qxc6 Re6 32. hxg5 Nxg5 33. Qxd5 Rxa6 34. Bxe4 Rd6 35. Qa8 Rd8 36. Qc6 Rd6 37. Qa8 Nh3+ 38. Kh2 Qxf2+ 39. Bg2 h4 40. Rf1 hxg3+ 41. Kh1 Qg1+ 42. Rxg1 Nf2# 0-1


[Site "https://www.chess.com"]

[Event "Titled Tuesday Blitz April 11 Late 2023"]
[White "De Souza, Cristiano Gomes"]
[Black "Leiva, Gianmarco"]
[WhiteFideId "2151758"]
[BlackFideId "3804399"]
[WhiteElo "2068"]
[BlackElo "2345"]
[Result "0-1"]
[Round "01"]
[TimeControl "180+2"]
[Date "2023.04.11"]
[WhiteClock "0:00:00"]
[BlackClock "0:00:00"]

1. d4 Nf6 2. c4 e6 3. Nf3 d5 4. Nc3 a6 5. e3 Bd6 6. c5 Be7 7. Ne5 O-O 8. Bd3 b6 9. cxb6 cxb6 10. O-O Bb7 11. Bd2 Nc6 12. Nxc6 Bxc6 13. Rc1 Qd7 14. a3 Rfc8 15. h3 Bd6 16. Qe2 Bb7 17. Na2 Ne4 18. Bb4 a5 19. Bb5 Qd8 20. Bxd6 Nxd6 21. Bd3 Bc6 22. Nc3 Rc7 23. Nb5 Bxb5 24. Bxb5 Rac8 25. Rxc7 Rxc7 26. Bd3 Qc8 27. Qd2 Ne4 28. Qe2 Rc6 29. g3 Qc7 30. Kg2 g6 31. Bxe4 dxe4 32. Rd1 Rc2 33. Rd2 Rxd2 34. Qxd2 Qc4 35. Qc3 Qxc3 36. bxc3 b5 37. Kf1 Kf8 38. Ke2 Ke7 39. Kd2 Kd6 40. Kc2 Kd5 41. Kb3 g5 42. g4 h6 43. Kb2 Kc4 44. Kc2 a4 45. Kb2 Kd3 0-1


[Site "https://www.chess.com"]

[Event "Titled Tuesday Blitz April 11 Late 2023"]
[White "Kavutskiy, Konstantin"]
[Black "Kornyukov, Alexey"]
[WhiteFideId "2026384"]
[BlackFideId "4150457"]
[WhiteElo "2323"]
[BlackElo "2352"]
[Result "0-1"]
[Round "01"]
[TimeControl "180+2"]
[Date "2023.04.11"]
[WhiteClock "0:00:00"]
[BlackClock "0:00:01"]

1. d4 d5 2. c4 e6 3. Nf3 c6 4. Nc3 dxc4 5. e4 b5 6. a4 Bb4 7. Bd2 a5 8. axb5 Bxc3 9. Bxc3 cxb5 10. b3 Bb7 11. Qc2 b4 12. Bd2 c3 13. Bg5 Qb6 14. Bd3 Nd7 15. O-O h6 16. Bh4 Ngf6 17. e5 Nd5 18. Rfe1 O-O 19. Qd2 cxd2 0-1


[Site "https://www.chess.com"]

[Event "Titled Tuesday Blitz April 11 Late 2023"]
[White "Dixit, Arun"]
[Black "Thorfinnsson, Bjorn"]
[WhiteFideId "30937671"]
[BlackFideId "2300982"]
[WhiteElo "2301"]
[BlackElo "2395"]
[Result "1-0"]
[Round "01"]
[TimeControl "180+2"]
[Date "2023.04.11"]
[WhiteClock "0:00:00"]
[BlackClock "0:00:01"]

1. Nf3 d5 2. g3 c6 3. Bg2 Bf5 4. O-O e6 5. d4 h6 6. c4 Nd7 7. Nc3 Ngf6 8. Re1 Bb4 9. Bd2 dxc4 10. e4 Bg6 11. e5 Bxc3 12. exf6 Bxd2 13. fxg7 Rg8 14. Qxd2 Rxg7 15. Qxh6 Rh7 16. Qf4 Qa5 17. Ng5 Rg7 18. Nxe6 fxe6 19. Rxe6+ Kd8 20. Rae1 Bf7 21. Re7 Bd5 22. Re8# 1-0


[Site "https://www.chess.com"]

[Event "Titled Tuesday Blitz April 11 Late 2023"]
[White "Mendez Fortes, Eduardo Jesus"]
[Black "Zampronha, Wladimir Camilo"]
[WhiteFideId "3502376"]
[BlackFideId "2103087"]
[WhiteElo "2307"]
[BlackElo "2176"]
[Result "1-0"]
[Round "01"]
[TimeControl "180+2"]
[Date "2023.04.11"]
[WhiteClock "0:00:01"]
[BlackClock "0:00:00"]

1. e4 c5 2. Nf3 e6 3. d4 cxd4 4. Nxd4 Nc6 5. Nc3 Qc7 6. Be3 a6 7. Qd2 Nf6 8. O-O-O b5 9. Nxc6 Qxc6 10. e5 b4 11. Ne2 Nd5 12. Nd4 Qb7 13. Be2 Rb8 14. Bf3 a5 15. Ne2 Qc7 16. Bxd5 exd5 17. Nf4 Be7 18. Nxd5 Qxe5 19. Bf4 1-0


[Site "https://www.chess.com"]

[Event "Titled Tuesday Blitz April 11 Late 2023"]
[White "Ribeiro, Matheus Mendes Domingues"]
[Black "Sarkar, Justin"]
[WhiteFideId "324226923"]
[BlackFideId "2010011"]
[WhiteElo "2168"]
[BlackElo "2189"]
[Result "1-0"]
[Round "01"]
[TimeControl "180+2"]
[Date "2023.04.11"]
[WhiteClock "0:00:00"]
[BlackClock "0:00:00"]

1. c4 Nf6 2. Nc3 e5 3. Nf3 e4 4. Ng5 c6 5. d3 d5 6. cxd5 cxd5 7. dxe4 h6 8. Nf3 dxe4 9. Qxd8+ Kxd8 10. Ne5 Be6 11. Be3 Nbd7 12. Nxd7 Bxd7 13. g3 Bb4 14. Bg2 Re8 15. O-O Bxc3 16. bxc3 Bc6 17. Rfd1+ Nd7 18. Rd4 f5 19. Rad1 Ke7 20. g4 fxg4 21. Bxe4 Nf6 22. Bxc6 bxc6 23. Rb4 Nd5 24. Rb7+ Ke6 25. Rxg7 Nxe3 26. fxe3 Rad8 27. Rxd8 Rxd8 28. Rxg4 Rd2 29. Kf2 Rxa2 30. Rg6+ Kd5 31. Rxh6 c5 32. h4 Kc4 33. Rc6 Rc2 34. Ra6 Rxc3 35. Rxa7 Rc1 36. h5 Rh1 37. Rh7 Kb3 38. Kg2 Rh4 39. Kg3 Rh1 40. e4 c4 41. Kg2 1-0


[Site "https://www.chess.com"]

[Event "Titled Tuesday Blitz April 11 Late 2023"]
[White "Romero Ruscalleda, Josep"]
[Black "Ozates, Tuna"]
[WhiteFideId "2231859"]
[BlackFideId "6354521"]
[WhiteElo "2183"]
[BlackElo "2151"]
[Result "0-1"]
[Round "01"]
[TimeControl "180+2"]
[Date "2023.04.11"]
[WhiteClock "0:00:00"]
[BlackClock "0:00:00"]

1. e4 c5 2. c3 d5 3. exd5 Nf6 4. Nf3 Nxd5 5. Bc4 Nc6 6. O-O Nb6 7. Bb3 c4 8. Bc2 Bg4 9. h3 Bh5 10. Re1 e6 11. d4 Bd6 12. Nbd2 O-O 13. Ne4 Be7 14. Ng3 Bg6 15. Bf4 Nd5 16. Bd2 b5 17. Bxg6 hxg6 18. Ne5 Nxe5 19. Rxe5 a5 20. Qe2 Qc7 21. a3 b4 22. axb4 axb4 23. Rxa8 Rxa8 24. Nf1 Bd6 25. Re4 b3 26. g3 Ra1 27. Kg2 Rb1 28. Bg5 Qc6 29. Kh2 Nf6 30. Bxf6 gxf6 31. Kg1 f5 32. Re3 f4 33. gxf4 Bxf4 34. Rf3 Bc1 35. Ng3 Bxb2+ 36. Kg2 Bxc3 37. Ne4 Bxd4 38. Qd2 Qxe4 39. Qg5 b2 40. Qd8+ Kg7 41. Kg3 Rg1+ 0-1


[Site "https://www.chess.com"]

[Event "Titled Tuesday Blitz April 11 Late 2023"]
[White "Zaksaite, Salomeja"]
[Black "Di Berardino, Diego Rafael"]
[WhiteFideId "12801496"]
[BlackFideId "2105446"]
[WhiteElo "2059"]
[BlackElo "2432"]
[Result "0-1"]
[Round "01"]
[TimeControl "180+2"]
[Date "2023.04.11"]
[WhiteClock "0:00:00"]
[BlackClock "0:00:00"]

1. e4 Nf6 2. e5 Nd5 3. c4 Nb6 4. c5 Nd5 5. Bc4 c6 6. Nc3 Nxc3 7. bxc3 e6 8. d4 b6 9. cxb6 axb6 10. Qg4 d5 11. exd6 Qxd6 12. Nf3 Ba6 13. Bf4 Qa3 14. Bb3 Nd7 15. Ne5 Nxe5 16. Bxe5 Qb2 17. Rd1 Qxc3+ 18. Rd2 Bb4 19. Bf4 Qxd4 20. Qf3 Bxd2+ 21. Bxd2 O-O 22. Bc3 Qd3 23. Qxd3 Bxd3 24. Kd2 Be4 25. f3 Bd5 0-1


[Site "https://www.chess.com"]

[Event "Titled Tuesday Blitz April 11 Late 2023"]
[White "Melikyan, Gnel"]
[Black "Prieto Aranguren, Alain"]
[WhiteFideId "54109990"]
[BlackFideId "2268906"]
[WhiteElo "2138"]
[BlackElo "2209"]
[Result "0-1"]
[Round "01"]
[TimeControl "180+2"]
[Date "2023.04.11"]
[WhiteClock "0:00:06"]
[BlackClock "0:00:03"]

1. a4 d5 2. b3 e5 3. Bb2 Nc6 4. e3 Bd6 5. Nf3 Qe7 6. Bb5 Bd7 7. Nc3 Nf6 8. O-O a6 9. Be2 e4 10. Ne1 O-O-O 11. d4 h5 12. Qd2 Ng4 13. h3 Qg5 14. Bc1 Nf6 15. f4 exf3 16. Nxf3 Qg3 17. Qe1 Qg6 18. Bd3 Ne4 19. Nxd5 Bxh3 20. Nh4 Qg4 21. Nf4 Ng3 22. Nf5 Nxf5 23. Nxh3 Ng3 24. Rxf7 Rhf8 25. Rf2 Rxf2 26. Nxf2 Qh4 27. Nh3 Rf8 28. Bd2 g5 29. e4 g4 30. Bg5 Ne2+ 31. Bxe2 Qxe1+ 32. Rxe1 gxh3 33. e5 Rg8 34. exd6 Rxg5 35. Bf1 Nxd4 36. dxc7 Nf3+ 37. Kf2 Nxe1 38. gxh3 Nxc2 39. Bd3 Nd4 40. b4 Rd5 41. Ke3 Rd6 42. Ke4 Kxc7 43. Ke5 Nc6+ 44. Ke4 Rxd3 45. Kxd3 Kd6 46. Kc4 Ne5+ 47. Kd4 Nc6+ 48. Kc4 b6 49. h4 a5 50. bxa5 Nxa5+ 51. Kb5 Nb3 52. Kxb6 Kd5 53. Kb5 Ke4 54. Kb4 Nd4 55. Kc5 Nb3+ 56. Kb4 Nd4 57. Kc5 Ke5 58. Kc4 Nc6 59. Kc5 Nd4 60. Kc4 Nf3 61. a5 Kd6 62. a6 Kc6 63. a7 Kb7 64. Kd5 Nxh4 65. Ke4 Ng6 66. Kf5 h4 67. Kxg6 h3 0-1


[Site "https://www.chess.com"]

[Event "Titled Tuesday Blitz April 11 Late 2023"]
[White "Alahakoon, Isuru"]
[Black "Suder, Jakub"]
[WhiteFideId "9900993"]
[BlackFideId "1195310"]
[WhiteElo "1995"]
[BlackElo "2287"]
[Result "0-1"]
[Round "01"]
[TimeControl "180+2"]
[Date "2023.04.11"]
[WhiteClock "0:00:00"]
[BlackClock "0:00:00"]

1. Nf3 d5 2. e3 Nf6 3. c4 e6 4. b3 Be7 5. Bb2 O-O 6. Nc3 c5 7. cxd5 exd5 8. d4 Bg4 9. Be2 Nbd7 10. O-O Rc8 11. dxc5 Nxc5 12. Rc1 Nce4 13. Nd4 Bxe2 14. Ncxe2 Qa5 15. Nf5 Ba3 16. Rxc8 Rxc8 17. Ba1 Bf8 18. Neg3 Nc3 19. Qd4 Qb4 20. Qe5 Ng4 21. Bxc3 Nxe5 22. Bxb4 Bxb4 23. Rd1 g6 24. Rxd5 Ng4 25. h3 Nf6 26. Rb5 Bf8 27. Nd4 b6 28. Re5 Bd6 29. Rb5 Ne4 30. Nxe4 Rc1# 0-1


[Site "https://www.chess.com"]

[Event "Titled Tuesday Blitz April 11 Late 2023"]
[White "Djokic, Mihailo"]
[Black "Marchesich, Giovanni"]
[WhiteFideId "976440"]
[BlackFideId "2824790"]
[WhiteElo "2294"]
[BlackElo "2209"]
[Result "0-1"]
[Round "01"]
[TimeControl "180+2"]
[Date "2023.04.11"]
[WhiteClock "0:00:00"]
[BlackClock "0:00:00"]

1. e4 e5 2. Nf3 d5 3. Nxe5 Bd6 4. d4 dxe4 5. Nc4 Nf6 6. Nc3 O-O 7. Ne3 c5 8. dxc5 Bxc5 9. Bc4 Qxd1+ 10. Ncxd1 Nc6 11. c3 Ne5 12. O-O Nxc4 13. Nxc4 Be6 14. Na5 Bb6 15. Nb3 Nd5 16. Re1 f5 17. Ne3 Nf4 18. Nd1 Nd3 19. Re2 Nxc1 20. Rxc1 Bc4 21. Rd2 Rad8 22. Rxd8 Rxd8 23. Ne3 Bxe3 24. fxe3 Bxb3 25. axb3 Rd2 26. Rb1 Re2 27. Rd1 Rxe3 28. Rd8+ Kf7 29. Rd7+ Kf6 30. Rxb7 Re1+ 31. Kf2 Rb1 32. c4 Rxb2+ 33. Ke3 Rxg2 34. c5 Rc2 35. b4 g5 36. Rxa7 Rc4 37. Rb7 f4+ 38. Kd2 g4 39. Rb6+ Ke5 40. c6 Kd4 41. b5 e3+ 42. Kd1 Kd3 43. Rb8 e2+ 44. Ke1 Rc1+ 45. Kf2 Rf1+ 0-1


[Site "https://www.chess.com"]

[Event "Titled Tuesday Blitz April 11 Late 2023"]
[White "Sahl, Bjarke"]
[Black "Haydon, David L"]
[WhiteFideId "1400231"]
[BlackFideId "415405"]
[WhiteElo "2307"]
[BlackElo "2326"]
[Result "0-1"]
[Round "01"]
[TimeControl "180+2"]
[Date "2023.04.11"]
[WhiteClock "0:00:00"]
[BlackClock "0:00:01"]

1. Nc3 Nf6 2. e4 d5 3. e5 Ne4 4. d3 Nxc3 5. bxc3 c5 6. Nf3 Nc6 7. Be2 Bg4 8. d4 e6 9. O-O Qb6 10. Be3 c4 11. Ng5 Bxe2 12. Qxe2 Be7 13. Qh5 Bxg5 14. Qxg5 O-O 15. Rab1 Qc7 16. f4 Ne7 17. g4 f5 18. exf6 Rxf6 19. Qe5 Qd7 20. g5 Rf5 0-1


[Site "https://www.chess.com"]

[Event "Titled Tuesday Blitz April 11 Late 2023"]
[White "Filgueira, Hernan"]
[Black "Granados Diaz, Maria Esther"]
[WhiteFideId "101770"]
[BlackFideId "6101488"]
[WhiteElo "2363"]
[BlackElo "1849"]
[Result "1-0"]
[Round "01"]
[TimeControl "180+2"]
[Date "2023.04.11"]
[WhiteClock "0:00:01"]
[BlackClock "0:00:00"]

1. c4 Nf6 2. Nc3 e5 3. Nf3 Nc6 4. a3 a5 5. e3 d5 6. cxd5 Nxd5 7. Qc2 Be6 8. Bb5 f6 9. d4 exd4 10. Nxd4 Bd7 11. Nxd5 Nxd4 12. Qe4+ Be7 13. Bxd7+ Qxd7 14. exd4 O-O-O 15. Nxe7+ Kb8 16. O-O Rhe8 17. Re1 g6 18. Bf4 f5 19. Qe5 1-0


[Site "https://www.chess.com"]

[Event "Titled Tuesday Blitz April 11 Late 2023"]
[White "Antonova, Nadezhda"]
[Black "Cori T., Deysi"]
[WhiteFideId "14700182"]
[BlackFideId "3801934"]
[WhiteElo "1765"]
[BlackElo "2292"]
[Result "0-1"]
[Round "01"]
[TimeControl "180+2"]
[Date "2023.04.11"]
[WhiteClock "0:00:04"]
[BlackClock "0:00:05"]

1. Nf3 Nf6 2. b3 g6 3. Bb2 Bg7 4. g3 b6 5. Bg2 Bb7 6. O-O c5 7. c4 O-O 8. e3 d5 9. cxd5 Bxd5 10. Nc3 Bb7 11. d4 Nbd7 12. Qe2 Rc8 13. Rfd1 Qc7 14. Rac1 Qb8 15. d5 Rfd8 16. e4 Ne8 17. a4 a6 18. Nd2 Nc7 19. Nc4 b5 20. Na5 Ba8 21. Nc6 Bxc6 22. dxc6 Ne5 23. Nd5 Nxd5 24. exd5 bxa4 25. bxa4 Nf3+ 26. Qxf3 Qxb2 27. Rxc5 Be5 28. Rcc1 Rc7 29. Rb1 Qa2 30. Qb3 Qxb3 31. Rxb3 Rxc6 32. dxc6 Rxd1+ 33. Bf1 Rc1 34. Rb6 a5 35. Kg2 Kg7 36. Ra6 Bc7 37. Bb5 Rc2 38. Kf3 h5 39. h3 g5 40. Ke3 Bd6 41. f4 h4 42. fxg5 hxg3 43. Rxa5 g2 44. Bd3 g1=Q+ 45. Ke4 Qg2+ 46. Kd4 Qf2+ 47. Ke4 Qf4+ 48. Kd5 Qe5# 0-1


[Site "https://www.chess.com"]

[Event "Titled Tuesday Blitz April 11 Late 2023"]
[White "Vlassov, Nikolai"]
[Black "Lesbekova, Assel"]
[WhiteFideId "4103360"]
[BlackFideId "13713248"]
[WhiteElo "2324"]
[BlackElo "1799"]
[Result "1-0"]
[Round "01"]
[TimeControl "180+2"]
[Date "2023.04.11"]
[WhiteClock "0:00:00"]
[BlackClock "0:00:00"]

1. e4 c5 2. c3 Nf6 3. e5 Nd5 4. d4 cxd4 5. cxd4 d6 6. Bc4 Nb6 7. Bb3 Bf5 8. e6 Bxe6 9. Bxe6 fxe6 10. Nf3 g6 11. h4 Bg7 12. h5 N8d7 13. Nc3 Qc7 14. Be3 Nc4 15. Qe2 gxh5 16. Ng5 Nf8 17. Qxh5+ Kd7 18. O-O-O b5 19. Kb1 b4 20. Nce4 Rc8 21. Rc1 Qb6 22. Qe2 Qb5 23. Ka1 Qd5 24. Nc5+ Rxc5 25. dxc5 Bxb2+ 26. Kb1 Bc3 27. Rcd1 Qf5+ 28. Qd3 Na3+ 29. Kc1 Qe5 30. cxd6 exd6 31. Nf7 Bb2+ 32. Kd2 Bc3+ 33. Ke2 Qf6 34. Nxd6 1-0


[Site "https://www.chess.com"]

[Event "Titled Tuesday Blitz April 11 Late 2023"]
[White "Vujcic, Milena"]
[Black "Dobrikov, Marco"]
[WhiteFideId "954748"]
[BlackFideId "12950378"]
[WhiteElo "1882"]
[BlackElo "2296"]
[Result "0-1"]
[Round "01"]
[TimeControl "180+2"]
[Date "2023.04.11"]
[WhiteClock "0:00:00"]
[BlackClock "0:00:01"]

1. e4 g6 2. d4 Bg7 3. Nf3 d6 4. h3 Nf6 5. Nc3 O-O 6. Be3 a6 7. a4 e5 8. Bc4 Nc6 9. O-O h6 10. Qd2 Kh7 11. Rad1 Qe7 12. Nd5 Nxd5 13. exd5 e4 14. Nh2 Nb8 15. Be2 Nd7 16. c4 f5 17. f3 Nf6 18. Kh1 Nh5 19. Bf2 e3 20. Bxe3 Ng3+ 21. Kg1 f4 22. Bf2 Nxe2+ 0-1


[Site "https://www.chess.com"]

[Event "Titled Tuesday Blitz April 11 Late 2023"]
[White "Zhang, Derek"]
[Black "Stanisz, Patryk"]
[WhiteFideId "2087871"]
[BlackFideId "1123106"]
[WhiteElo "2087"]
[BlackElo "2069"]
[Result "1-0"]
[Round "01"]
[TimeControl "180+2"]
[Date "2023.04.11"]
[WhiteClock "0:00:00"]
[BlackClock "0:00:00"]

1. Nf3 d5 2. c4 c6 3. e3 e6 4. Nc3 Nf6 5. b3 Bd6 6. Bb2 O-O 7. Qc2 Qe7 8. g4 Na6 9. g5 Nd7 10. h4 e5 11. cxd5 Nb4 12. Qb1 Nxd5 13. Ne4 Bc7 14. h5 Rd8 15. Nh4 Nf8 16. h6 g6 17. Bc4 Be6 18. Bxd5 Bxd5 19. Nf6+ Kh8 20. e4 Be6 21. f4 Qd6 22. Qc2 Qd3 23. O-O-O Qxc2+ 24. Kxc2 Nd7 25. f5 Nxf6 26. gxf6 Bd7 27. Rhg1 Be8 28. Nf3 Bb6 29. Rg2 Bd4 30. Nxe5 c5 31. Nf3 Bxb2 32. Kxb2 Bb5 33. d4 cxd4 34. Rxd4 Bc6 35. Rgd2 Re8 36. Ng5 gxf5 37. Nxf7+ Kg8 38. Nd6 fxe4 39. f7+ Kf8 40. fxe8=Q+ Rxe8 41. Rf2+ 1-0


[Site "https://www.chess.com"]